 Dungeon Crawl Stone Soup version 0.27-a0-1456-gf5a116941d (webtiles) character file.

Game seed: 8203512410691585860

407 blackman the Shield-Bearer (level 6, -4/56 HPs)
             Began as a Minotaur Fighter on July 5, 2021.
             Slain by an orc warrior (14 damage)
             ... on level 5 of the Dungeon.
             The game lasted 00:09:54 (3705 turns).

blackman the Shield-Bearer (Minotaur Fighter)       Turns: 3705, Time: 00:09:54

Health: -4/56      AC:  7    Str: 23    XL:     6   Next: 57%
Magic:  4/5        EV:  8    Int:  5    God:
Gold:   160        SH: 10    Dex: 11    Spells: 5/5 levels left

rFire    . . .     SeeInvis .   a - +0 war axe
rCold    . . .     Faith    .   c - +0 kite shield
rNeg     . . .     Spirit   .   b - +0 scale mail
rPois    .         Reflect  .   (helmet restricted)
rElec    .         Harm     .   (no cloak)
rCorr    .         Rampage  .   (no gloves)
Will     .....                  (no boots)
Stlth    +.........             (no amulet)
HPRegen  0.00/turn              (no ring)
MPRegen  0.09/turn              (no ring)

@: no status effects
A: horns 2, retaliatory headbutt, thin skeletal structure 1, inhibited
regeneration
a: no special abilities


You were on level 5 of the Dungeon.
You visited 1 branch of the dungeon, and saw 5 of its levels.

You collected 160 gold pieces.

Inventory:

Hand Weapons
 a - a +0 war axe (weapon)
 h - the +11 trident "Wiono" {freeze, Str-5 Int+2 SInv}
   (You found it on level 4 of the Dungeon)

   It has been specially enchanted to freeze those struck by it, causing extra
   injury to most foes and up to half again as much damage against particularly
   susceptible opponents.
   It can also slow down cold-blooded creatures.
   Str:       It affects your strength (-5).
   Int:       It affects your intelligence (+2).
   SInv:      It lets you see invisible.
Armour
 b - a +0 scale mail (worn)
 c - a +0 kite shield (worn)
Jewellery
 o - a ring of ice
Scrolls
 f - a scroll of fear {unknown}
 i - a scroll of torment {unknown}
 j - a scroll of silence
 k - 2 scrolls of teleportation
 l - a scroll of summoning {unknown}
 m - a scroll of amnesia {unknown}
Potions
 d - 3 potions of might
 e - a potion of lignification {unknown}
 g - 3 potions of curing
 n - a potion of attraction {unknown}


   Skills:
 + Level 5.4 Fighting
 + Level 4.7 Axes
 + Level 5.4 Armour
 + Level 5.5 Shields


You had 5 spell levels left.
You didn't know any spells.
Your spell library contained the following spells:

 Spells                   Type           Power      Damage    Failure   Level
 Shock                    Conj/Air       0%         1d3       99%         1
 Passwall                 Tmut/Erth      0%         N/A       100%        2
 Swiftness                Air            0%         N/A       100%        3
 Airstrike                Air            0%         N/A       100%        4
 Invisibility             Hex            0%         N/A       100%        6


Dungeon Overview and Level Annotations

Branches:
Dungeon (5/15)
 Temple: D:4-7

Altars:
Nemelex Xobeh
Wu Jian


Innate Abilities, Weirdness & Mutations

You have a pair of horns on your head.
You reflexively headbutt those who attack you in melee.
You have a somewhat thin skeletal structure. (Dex +2, Stealth+)
You do not regenerate when monsters are visible.


Message History

An orc comes into view. It is wielding a +0 hand axe.
You block the orc's attack.
The orc wizard hits you but does no damage.
You block the jelly's attack. The orc barely misses you.
You hit the jelly but do no damage.
Your hands burn!
The jelly is severely wounded.
You hit the orc warrior. You block the jelly's attack.
The orc wizard gestures wildly while chanting.
The orc wizard flickers and vanishes!
Deactivating autopickup; reactivate with Ctrl-A.
The orc hits you from afar with a +0 trident!
The jelly hits you.
You are splashed with acid!
You slash the jelly!
You kill the jelly!
You hit the orc warrior.
The orc warrior hits you with a +0 long sword.
The orc closely misses you.
An orc comes into view. It is wielding a +0 short sword.
Something hits you but does no damage. You block the orc warrior's attack.
The orc closely misses you.
Your shield and scale mail prevent you from hitting the orc warrior.
The orc warrior is moderately wounded.
You closely miss something.
Something tries to affect you, but you resist.
The orc warrior hits you with a +0 long sword!
You block the orc's attack.
A puff of flame appears from out of thin air!
The puff of flame hits you!
* * * LOW HITPOINT WARNING * * *
Something hits you.
* * * LOW HITPOINT WARNING * * *
You feel your power leaking away.
You miss something.
Your hearing returns.
An orc comes into view. It is wielding a +2 dagger of speed.
Something hits you but does no damage.
The orc moves out of view.
You hit the orc warrior but do no damage.
The orc warrior is moderately wounded.
The orc warrior hits you with a +0 long sword!
You die...

#.# ..# ##.# ..# #
....# #######.#.#
.....o.o.o# #.
#########o#.# #.#
#......@o.#.###
#.###.#######.....#
#...^...####.....#
##......(........#
##.>.....###......#
#........# #.........
.#.......###.#...###.
#.....<.....##.##
#.......#..## .#


You could see an orc warrior and 2 orcs.

Vanquished Creatures
  Eustachio (D:4)
  A necrophage (D:4)
  A centaur zombie (D:4)
  A jelly (D:5)
  An iguana (D:4)
  An adder (D:4)
  2 worms (D:2)
  2 dart slugs
  5 orcs (D:3)
  8 endoplasms
  5 giant cockroaches
  3 goblins
  6 hobgoblins
  6 jackals (D:4)
  5 quokkas
  8 ball pythons
  5 bats
  A jackal skeleton (D:4)
  5 kobolds
  4 rats
71 creatures vanquished.

Notes
Turn   | Place    | Note
-------+----------+-------------------------------------------
     0 | D:1      | blackman the Minotaur Fighter began the quest for the Orb.
     0 | D:1      | Reached XP level 1. HP: 19/19 MP: 0/0
   105 | D:1      | Reached XP level 2. HP: 25/27 MP: 1/1
   988 | D:1      | Reached XP level 3. HP: 33/33 MP: 2/2
  1929 | D:3      | Found a faded altar of an unknown god.
  2064 | D:3      | Found an ornate altar of the Wu Jian Council.
  2190 | D:3      | Found a sparkling altar of Nemelex Xobeh.
  2397 | D:3      | Reached XP level 4. HP: 36/40 MP: 3/3
  2673 | D:4      | Noticed Eustachio
  2877 | D:4      | Gained mutation: You do not regenerate when monsters are
                  | visible. [potion of mutation]
  2877 | D:4      | Gained mutation: You have a somewhat thin skeletal
                  | structure. (Dex +2, Stealth+) [potion of mutation]
  2960 | D:4      | Killed Eustachio
  2961 | D:4      | Reached skill level 5 in Fighting
  2961 | D:4      | Reached skill level 5 in Armour
  2961 | D:4      | Reached skill level 5 in Shields
  2961 | D:4      | Reached XP level 5. HP: 27/48 MP: 4/4
  2961 | D:4      | Reached XP level 6. HP: 32/56 MP: 5/5
  3240 | D:4      | Identified the +11 trident "Wiono" {freeze, Str-5 Int+2
                  | SInv}
  3669 | D:5      | Entered Level 5 of the Dungeon
  3694 | D:5      | Noticed an orc warrior
  3705 | D:5      | Slain by an orc warrior

Illustrated notes

Levels and vault maps discovered:
D:1:      sevenhm_arrival_forest_fort_small_5, layout_basic, minivault_19
D:2:      layout_rooms
D:3:      layout_loops_ring, nemelex_xobeh_ov_fountains_minmay,
          lemuel_round_altar, ebering_ecumenical_altar_hall,
          kennysheep_generic_room_16
D:4:      layout_rooms, dk_noncrumbling_2, serial_park_tiny_2, uniq_eustachio
D:5:      layout_loops_ring, lemuel_tele_altar, lemuel_doored_altar,
          uniq_duvessa, uniq_ijyb

Skill      XL: |  1  2  3  4 |
---------------+-------------+-----
Fighting       | 4 5 |  5.4
Shields        | 4 5 |  5.5
Armour         | 4 5 |  5.4
Axes           | 3 4 |  4.7

Action                   |  1- 3 |  4- 6 || total
-------------------------+-------+-------++-------
Melee: War axe           |   128 |    63 ||   191
       Headbutt          |     7 |     8 ||    15
  Use: Scroll            |       |     4 ||     4
       Potion            |       |     1 ||     1
Armor: Scale mail        |    46 |    38 ||    84
Dodge: Dodged            |    46 |    28 ||    74
Block: Kite shield       |    88 |    44 ||   132

Table legend: (Time is in decaauts)
 A = Elapsed time spent in this place.
 B = Non-inter-level travel time spent in this place.
 C = Inter-level travel time spent in this place.
 D = Time resting spent in this place.
 E = Time spent auto-exploring this place.
 F = Levels seen in this place.
 G = Mean time per level.
                   A        B        C        D        E       F      G
               +--------+--------+--------+--------+--------+-----+--------+
         Total |   3811 |   3628 |    183 |    264 |   2777 |   5 |  762.2 |
       Dungeon |   3811 |   3628 |    183 |    264 |   2777 |   5 |  762.2 |
               +--------+--------+--------+--------+--------+-----+--------+

Top non-repeatable levels by time:
     D:1: 1174 daAuts
     D:4: 1008 daAuts
     D:2: 809 daAuts
     D:3: 780 daAuts
     D:5: 37 daAuts
